 Dungeon Crawl Stone Soup version 0.21-a0-71-g5e5ddd2 (webtiles) character file.

53 Malacante the Twirler (level 3, -1/27 HPs)
             Began as a Demonspawn Gladiator on June 19, 2017.
             Slain by an orc priest
             ... wielding a +0 club
              (3 damage)
             ... on level 2 of the Dungeon.
             The game lasted 00:02:42 (1366 turns).

Malacante the Twirler (Demonspawn Gladiator)        Turns: 1366, Time: 00:02:43

Health: -1/27      AC:  6    Str: 15    XL:     3   Next: 64%
Magic:  3/3        EV: 12    Int:  9    God:
Gold:   31         SH:  0    Dex: 14    Spells: 2/2 levels left

rFire    . . .     SeeInvis .   a - +0 quarterstaff
rCold    . . .     Gourm    .   (shield currently unavailable)
rNeg     . . .     Faith    .   b - +0 leather armour
rPois    +         Spirit   .   c - +0 helmet
rElec    .         Reflect  .   (no cloak)
rCorr    .         Harm     .   (no gloves)
MR       .....                  (no boots)
Stlth    +.........             (no amulet)
HPRegen  0.09/turn              o - ring of poison resistance
MPRegen  0.08/turn              (no ring)

@: confused
A: claws 1, molten scales 1
a: no special abilities


You were on level 2 of the Dungeon.
You were not hungry.

You visited 1 branch of the dungeon, and saw 2 of its levels.

You collected 31 gold pieces.

Inventory:

Hand Weapons
 a - a +0 quarterstaff (weapon)
Missiles
 d - 3 throwing nets (quivered)
 e - 47 stones
Armour
 b - a +0 leather armour (worn)
 c - a +0 helmet (worn)
Jewellery
 o - a ring of poison resistance (left claw)
Scrolls
 h - a scroll of identify
 l - 2 scrolls of teleportation
Potions
 p - a potion of agility {unknown}
Comestibles
 f - 3 bread rations
 g - a royal jelly


   Skills:
 - Level 2.0 Fighting
 + Level 4.2 Staves
 - Level 1.7 Throwing
 - Level 2.6 Dodging


You had 2 spell levels left.
You didn't know any spells.

Dungeon Overview and Level Annotations

Branches:
Dungeon (2/15)

Altars:


Innate Abilities, Weirdness & Mutations

You have sharp fingernails.
You are partially covered in molten scales. (AC +2)


Message History

You kill the orc!
The orc hits you but does no damage.
You sock the orc!
You kill the orc!
The orc wizard mumbles some strange words.
The orc wizard flickers and vanishes!
Deactivating autopickup; reactivate with Ctrl-A.
The orc priest mumbles some strange prayers to Beogh against you.
Beogh smites you!
The orc priest casts a cantrip, but nothing happens.
Things that are here:
a whip; a leather armour; an orc corpse The orc priest calls down the wrath of Beogh upon you.
Pain shoots through your body!
* * * LOW HITPOINT WARNING * * *
The orc priest closely misses you.
You hear some strange, mumbled words.
You are confused.
You barely miss the orc priest. The orc priest hits you with a club.
You die...

####......<#.#
####..##.##.#######
##.........#........
#..#######..########
#.###$⌠$###.#
#.##.....##.#
#.#.......#†#
#.#oo...≈.#.#
#.#@......#.#
#.#.......#.#
#.#)......#.#
#.#.≈...≈.#.#
#.#.......#.#
#..........
####....### .#### .#


You could see 2 orc priests.

Vanquished Creatures
  Natasha (D:2)
  A leopard gecko (D:1)
  2 orcs (D:2)
  3 bats (D:1)
  2 giant cockroaches (D:1)
  3 hobgoblins (D:1)
  4 jackals (D:1)
  2 kobolds (D:1)
  A frilled lizard (D:1)
  5 rats (D:1)
24 creatures vanquished.

Notes
Turn   | Place    | Note
-------+----------+-------------------------------------------
     0 | D:1      | Malacante the Demonspawn Gladiator began the quest for the Orb.
     0 | D:1      | Reached XP level 1. HP: 16/16 MP: 1/1
    70 | D:1      | Reached skill level 3 in Staves
   224 | D:1      | Gained mutation: You have sharp fingernails. [demonic ancestry]
   224 | D:1      | Reached XP level 2. HP: 19/22 MP: 2/2
  1164 | D:2      | Noticed Natasha
  1168 | D:2      | Noticed a crimson imp
  1179 | D:2      | Killed Natasha
  1179 | D:2      | Reached skill level 4 in Staves
  1179 | D:2      | Gained mutation: You are partially covered in molten scales. (AC +2) [demonic ancestry]
  1179 | D:2      | Reached XP level 3. HP: 18/27 MP: 3/3
  1364 | D:2      | HP: 1/27 [orc priest/nerve-wracking pain (12)]
  1366 | D:2      | Slain by an orc priest

Vault maps used:
D:1:      dpeg_arrival_chambers_temple_mockup
D:2:      cheibrodos_pilgrimage, first_bread, corner_web_ring, uniq_natasha,
          uniq_sigmund

Skill      XL: |  1  2 |
---------------+-------+-----
Staves         | 3 4 |  4.2
Fighting       | |  2.0
Throwing       | |  1.7
Dodging        | |  2.6

Action                   || total
-------------------------++-------
Melee: Quarterstaff      ||    67
  Use: Scroll            ||     6
       Potion            ||     1
  Eat: Chunk             ||     1
Armor: Leather armour    ||    17
Dodge: Dodged            ||    46
